 Dungeon Crawl Stone Soup version 0.18.1-50-g88ac8fd (webtiles) character file.

44 Amnesiac the Cutter (level 3, -3/29 HPs)
             Began as a Merfolk Fighter on Mar 11, 2018.
             Slain by a gnoll
             ... wielding a +0 flail
              (12 damage)
             ... on level 3 of the Dungeon.
             The game lasted 00:01:40 (794 turns).

Amnesiac the Cutter (Merfolk Fighter)                Turns: 794, Time: 00:01:41

Health: -3/29      AC:  6    Str: 17    XL:     3   Next: 62%
Magic:  3/3        EV:  6    Int:  7    God:
Gold:   27         SH:  9    Dex: 13    Spells: 0 memorised, 2 levels left

rFire  . . .     SeeInvis .     a - +0 rapier
rCold  . . .     Gourm    .     b - +0 scale mail
rNeg   . . .     Faith    .     c - +0 shield
rPois  .         Spirit   .     (no helmet)
rElec  .         Dismiss  .     (no cloak)
rCorr  .         Reflect  .     (no gloves)
SustAt .         Harm     .     (no boots)
MR     .....                    (no amulet)
Stlth  +.........               (no ring)
                                (no ring)

@: not resistant to hostile enchantments, very unstealthy
A: change form in water, swift swim
a: no special abilities


You were on level 3 of the Dungeon.
You were not hungry.

You visited 1 branch of the dungeon, and saw 3 of its levels.

You collected 27 gold pieces.

Inventory:

Hand Weapons
 a - a +0 rapier (weapon)
Missiles
 e - 14 poisoned needles
Armour
 b - a +0 scale mail (worn)
 c - a +0 shield (worn)
Potions
 d - a potion of might {!q}
 h - a potion of degeneration {!q, unknown}
Comestibles
 f - a bread ration
 g - a meat ration
 i - a chunk of flesh


   Skills:
 - Level 3.2 Fighting
 + Level 4.1 Short Blades
 - Level 2.1 Armour
 - Level 2.0 Stealth
 - Level 3.0 Shields


You had 2 spell levels left.
You didn't know any spells.

Dungeon Overview and Level Annotations

Branches:
Dungeon (3/15)

Altars:


Message History

You closely miss the goblin.
The goblin is heavily wounded.
The goblin closely misses you.
You hit the goblin but do no damage.
The goblin is heavily wounded.
The goblin closely misses you.
You hit the goblin.
You kill the goblin!
No target in view!
No target in view!
Things that are here:
a club; a goblin corpse You butcher the goblin corpse.
i - 5 chunks of flesh (gained 1)
You see here a club.
You start resting.
Some of the chunks of flesh in your inventory have rotted away.
HP restored.
Things that are here:
a club; a kobold corpse A gnoll comes into view.
It is wielding an enchanted whip.
The gnoll shouts!
A gnoll comes into view. It is wielding a flail.
A gnoll comes into view. It is wielding a flail.
Things that are here:
a club; a kobold corpse
Things that are here:
a club; a hobgoblin corpse
Found a slice of pizza.
Found a stone staircase leading down.
You block the gnoll's attack.
A worm comes into view.
Found two stone staircases leading down.
There is a stone staircase leading down here.
The gnoll hits you with a flail.
You climb downwards.
Found 18 gold pieces.
There is a stone staircase leading up here.
You hit the gnoll.
The gnoll is moderately wounded.
The gnoll hits you with a flail!
* * * LOW HITPOINT WARNING * * *
You hit the gnoll.
The gnoll is severely wounded.
You hit the gnoll but do no damage.
The gnoll is severely wounded.
You block the gnoll's attack.
You hit the gnoll.
The gnoll is almost dead.
The gnoll barely misses you.
You hit the gnoll but do no damage.
The gnoll is almost dead.
The gnoll hits you but does no damage.
You closely miss the gnoll.
The gnoll is almost dead.
You block the gnoll's attack.
You hit the gnoll.
The gnoll is almost dead.
The gnoll hits you with a flail.
* * * LOW HITPOINT WARNING * * *
You barely miss the gnoll.
The gnoll is almost dead.
The gnoll hits you with a flail!
You die...

..####.###
........##
#........
#.......#
#.......#
#.......#
#......$#
#...@...#
###.#g#....#
... .# #.#
..... ##
.......
......#
######


You could see a gnoll.

Vanquished Creatures
  An adder (D:2)
  An ooze (D:2)
  A worm (D:2)
  4 goblins
  6 hobgoblins
  7 jackals
  A kobold (D:2)
  2 rats (D:2)
23 creatures vanquished.

Notes
Turn   | Place    | Note
--------------------------------------------------------------
     0 | D:1      | Amnesiac the Merfolk Fighter began the quest for the Orb.
     0 | D:1      | Reached XP level 1. HP: 18/18 MP: 1/1
    90 | D:2      | Reached skill level 3 in Short Blades
   117 | D:2      | Reached XP level 2. HP: 13/24 MP: 2/2
   384 | D:2      | Reached skill level 4 in Short Blades
   451 | D:2      | Reached XP level 3. HP: 13/29 MP: 3/3
   588 | D:2      | Reached skill level 1 in Stealth
   794 | D:3      | Slain by a gnoll

Skill      XL: |  1  2  3 |
---------------+----------+-----
Short Blades   | 3 4 |  4.1
Stealth        | 2 |  2.0
Fighting       | |  3.2
Armour         | |  2.1
Shields        | |  3.0

Action                   || total
-------------------------++-------
Melee: Rapier            ||   117
Armor: Scale mail        ||    32
Dodge: Dodged            ||    22
Block: Shield            ||    65
